 Dungeon Crawl Stone Soup version 0.19.1 (webtiles) character file.

312 ChaseSP the Chopper (level 6, -6/47 HPs)
             Began as a Formicid Fighter on Dec 2, 2016.
             Mangled by an ogre
             ... wielding a +0 giant club
              (18 damage)
             ... on level 4 of the Dungeon.
             The game lasted 00:08:51 (3112 turns).

ChaseSP the Chopper (Formicid Fighter)              Turns: 3112, Time: 00:08:51

Health: -6/47      AC: 12    Str: 20    XL:     6   Next: 70%
Magic:  6/6        EV:  5    Int:  8    God:
Gold:   172        SH:  9    Dex: 12    Spells: 0 memorised, 5 levels left

rFire  . . .     SeeInvis +     a - +0 war axe
rCold  + . .     Gourm    .     y - +0 chain mail
rNeg   . . .     Faith    .     c - +0 shield
rPois  .         Spirit   .     (helmet unavailable)
rElec  .         Reflect  .     v - +1 cloak
rCorr  .         Harm     .     (no gloves)
MR     .....                    C - +0 pair of boots
Stlth  ..........               (no amulet)
                                n - ring of protection from fire
                                t - ring of ice

@: no status effects
A: permanent stasis, dig shafts and tunnels, four strong arms, antennae 3
a: Dig, Shaft Self


You were on level 4 of the Dungeon.
You were hungry.

You visited 1 branch of the dungeon, and saw 4 of its levels.

You collected 172 gold pieces.

Inventory:

Hand Weapons
 a - a +0 war axe (weapon)
Armour
 c - a +0 shield (worn)
 v - a +1 cloak (worn)
 y - a +0 chain mail (worn)
 C - a +0 pair of boots (worn)
Jewellery
 k - an uncursed ring of resist corrosion
 n - a ring of protection from fire (right hand)
 t - a ring of ice (left hand)
Scrolls
 i - 5 scrolls of teleportation {unknown}
 j - a scroll of blinking {unknown}
 l - a scroll of amnesia {unknown}
 p - 3 scrolls of identify {unknown}
 r - a scroll of noise {unknown}
 s - 3 scrolls of remove curse
 u - 3 scrolls of enchant weapon {unknown}
Potions
 d - 2 potions of might
 e - a potion of lignification {unknown}
 g - 3 potions of berserk rage {unknown}
 h - 2 potions of heal wounds {unknown}
 o - a potion of degeneration {unknown}
 q - a potion of resistance {unknown}
 w - a potion of magic {unknown}
 z - a potion of agility {unknown}
 B - a potion of brilliance {unknown}
Books
 D - a book of Conjurations

   Spells                             Type                      Level
   a - Magic Dart                     Conjuration                  1
   b - Searing Ray                    Conjuration                  2
   c - Dazzling Spray                 Conjuration/Hexes            3
   d - Fulminant Prism                Conjuration/Hexes            4
   e - Iskenderun's Mystic Blast      Conjuration                  4
   f - Iskenderun's Battlesphere      Conjuration/Charms           5
Comestibles
 b - 4 fruits
 f - 4 bread rations
 m - a meat ration
 x - 3 slices of pizza
 A - 2 beef jerkies


   Skills:
 - Level 3.2 Fighting
 + Level 6.6 Axes
 - Level 3.2 Armour
 - Level 3.6 Shields


You had 5 spell levels left.
You didn't know any spells.

Dungeon Overview and Level Annotations

Branches:
Dungeon (4/15)
 Temple: D:4-7

Altars:
Cheibriados
Uskayaw
Yredelemnul


Innate Abilities, Weirdness & Mutations

You are under a permanent stasis effect.
You can dig through walls and to a lower floor.
Your four strong arms can wield two-handed weapons with a shield.
You have a pair of large antennae on your head. (SInv)


Message History

The ogre hits you with a giant club.
You hit the ogre.
The ogre is lightly wounded.
The ogre hits you with a giant club!!
* * * LOW HITPOINT WARNING * * *
You slash the ogre!
The ogre is heavily wounded.
The ogre hits you with a giant club!
* * * LOW HITPOINT WARNING * * *
You are too injured to fight recklessly!
You are too injured to fight recklessly!
Your chain mail prevents you from hitting the ogre.
The ogre is heavily wounded.
The ogre barely misses you.
Your shield and chain mail prevent you from hitting the ogre.
The ogre is heavily wounded.
You barely miss the ogre.
The ogre is heavily wounded.
The ogre hits you with a giant club!!
You die...

###### ...... ._..#
#...#. ######
##.#.##......
############..#..%......
........................
......< ................
###....####.............
..####................#
#..#######...>..@O....#
##.....##...............
#####....############..
######


You could see an ogre.

Vanquished Creatures
  2 scorpions (D:4)
  An orc priest (D:3)
  A bullfrog skeleton (D:4)
  A howler monkey skeleton (D:4)
  6 adders
  An adder skeleton (D:4)
  2 worms
  2 dart slugs
  4 leopard geckos
  8 orcs
  7 bats
  5 giant cockroaches
  4 goblins
  3 hobgoblins
  10 jackals
  5 kobolds
  2 ball pythons
  5 frilled lizards
  6 rats
75 creatures vanquished.

Notes
Turn   | Place    | Note
-------+----------+-------------------------------------------
     0 | D:1      | ChaseSP the Formicid Fighter began the quest for the Orb.
     0 | D:1      | Reached XP level 1. HP: 18/18 MP: 1/1
   301 | D:1      | Reached XP level 2. HP: 23/24 MP: 2/2
   795 | D:1      | Reached skill level 3 in Axes
   965 | D:2      | Reached XP level 3. HP: 21/29 MP: 3/3
  1414 | D:2      | Reached skill level 4 in Axes
  1414 | D:2      | Reached XP level 4. HP: 35/35 MP: 4/4
  2145 | D:3      | Reached skill level 5 in Axes
  2145 | D:3      | Reached XP level 5. HP: 34/41 MP: 5/5
  2757 | D:4      | Reached XP level 6. HP: 42/47 MP: 6/6
  2846 | D:4      | Reached skill level 6 in Axes
  2912 | D:4      | Found a hide-covered altar of Uskayaw.
  3018 | D:4      | Found a basalt altar of Yredelemnul.
  3101 | D:4      | Found a snail-covered altar of Cheibriados.
  3101 | D:4      | Noticed an ogre
  3112 | D:4      | Mangled by an ogre

Skill      XL: |  1  2  3  4  5  6 |
---------------+-------------------+-----
Axes           | 3 4 5 6 |  6.6
Fighting       | |  3.2
Armour         | |  3.2
Shields        | |  3.6

Action                   |  1- 3 |  4- 6 || total
-------------------------+-------+-------++-------
Melee: War axe           |    91 |   178 ||   269
  Use: Scroll            |       |     1 ||     1
  Eat: Chunk             |     2 |     5 ||     7
Armor: Scale mail        |    63 |    17 ||    80
       Chain mail        |       |    62 ||    62
Dodge: Dodged            |    32 |    38 ||    70
Block: Shield            |    51 |    83 ||   134
